 Dungeon Crawl Stone Soup version 0.24.0 (webtiles) character file.

Game seed: 8075442425230643899, levelgen mode: deterministic

135 Fistmachine the Charmwright (level 5, 0/43 HPs)
             Began as a Gnoll Skald on Oct 25, 2019.
             Killed from afar by an orc wizard (4 damage)
             ... with a magic dart
             ... on level 3 of the Dungeon.
             The game lasted 00:07:14 (1754 turns).

Fistmachine the Charmwright (Gnoll Skald)           Turns: 1754, Time: 00:07:14

Health: 0/43       AC:  3    Str: 15    XL:     5   Next: 18%
Magic:  4/12       EV: 14    Int: 15    God:
Gold:   140        SH:  0    Dex: 14    Spells: 10/14 levels left

rFire    . . .     SeeInvis .   a - +0 spear
rCold    . . .     Gourm    .   (no shield)
rNeg     . . .     Faith    .   b - +0 leather armour
rPois    .         Spirit   .   (no helmet)
rElec    .         Reflect  .   (no cloak)
rCorr    .         Harm     .   (no gloves)
MR       .....                  (no boots)
Stlth    ++........             (no amulet)
HPRegen  0.14/turn              (no ring)
MPRegen  0.13/turn              (no ring)

@: very slightly contaminated
A: distributed training, fangs 1, strong nose
a: no special abilities


You were on level 3 of the Dungeon.
You were very hungry.

You visited 1 branch of the dungeon, and saw 3 of its levels.

You collected 140 gold pieces.

Inventory:

Hand Weapons
 a - a +0 spear (weapon)
Missiles
 r - a javelin (quivered)
Armour
 b - a +0 leather armour (worn)
Jewellery
 n - a +4 amulet of reflection {unknown}
Wands
 k - a wand of iceblast (7)
Scrolls
 c - 4 scrolls of enchant armour {unknown}
 f - 2 scrolls of teleportation {unknown}
 l - a scroll of remove curse {unknown}
 m - 2 scrolls of immolation {unknown}
 o - a scroll of identify {unknown}
 p - a scroll of amnesia {unknown}
 s - a scroll of noise {unknown}
Potions
 e - a potion of ambrosia {unknown}
 g - a potion of magic {unknown}
 h - a potion of curing {unknown}
 i - a potion of mutation {unknown}
 j - a potion of might {unknown}
Comestibles
 d - 7 rations


   Skills:
 + Level 4.7 Fighting
 + Level 1.3 Short Blades
 + Level 1.3 Long Blades
 + Level 1.3 Axes
 + Level 1.3 Maces & Flails
 + Level 4.7 Polearms
 + Level 1.3 Staves
 + Level 1.3 Slings
 + Level 1.3 Bows
 + Level 1.3 Crossbows
 + Level 1.3 Throwing
 + Level 2.9 Armour
 + Level 4.7 Dodging
 + Level 1.3 Stealth
 + Level 1.3 Shields
 + Level 1.3 Unarmed Combat
 + Level 5.1 Spellcasting
 + Level 1.1 Conjurations
 + Level 1.1 Hexes
 + Level 5.5 Charms
 + Level 1.1 Summonings
 + Level 1.1 Necromancy
 + Level 1.1 Translocations
 + Level 1.1 Transmutations
 + Level 1.1 Fire Magic
 + Level 1.1 Ice Magic
 + Level 1.1 Air Magic
 + Level 1.1 Earth Magic
 + Level 1.1 Poison Magic
 + Level 1.5 Invocations
 + Level 1.3 Evocations


You had 10 spell levels left.
You knew the following spells:

 Your Spells              Type           Power        Failure   Level  Hunger
a - Infusion              Chrm           ###.         1%          1    None
b - Spectral Weapon       Hex/Chrm       ##......     16%         3    ###....

Your spell library contained the following spells:

 Spells                   Type           Power        Failure   Level  Hunger
 Song of Slaying          Chrm           ###.....     3%          2    ##.....
 Shroud of Golubria       Chrm/Tloc      ##....       8%          2    ##.....
 Confusing Touch          Hex            #.....       13%         1    None
 Regeneration             Chrm/Necr      ##........   16%         3    ###....
 Confuse                  Hex            #.......     36%         3    ###....
 Gell's Gravitas          Tloc           #.........   36%         3    ###....
 Petrify                  Tmut/Erth      #.......     77%         4    ####...
 Metabolic Englaciation   Hex/Ice        #.........   98%         5    ######.
 Yara's Violent Unravell  Hex/Tmut       #.........   98%         5    ######.


Dungeon Overview and Level Annotations

Branches:
Dungeon (3/15)

Altars:
Nemelex Xobeh


Innate Abilities, Weirdness & Mutations

Your experience applies equally to all skills.
You have very sharp teeth.
Your uncanny sense of smell can sniff out nearby items.


Message History

You are feeling very hungry.
You barely miss the orc. Your bite misses the orc.
The orc is severely wounded.
Your spectral weapon hits the orc.
You hit the orc wizard.
The orc wizard is moderately wounded.
Your spectral weapon hits the orc wizard but does no damage.
You closely miss the orc wizard.
The orc wizard is moderately wounded.
Your spectral weapon hits the orc wizard.
The orc wizard hits your spectral weapon but does no damage.
The orc hits your spectral weapon with a +1 whip of electrocution.
Your spectral weapon shares its damage with you!
* * * LOW HITPOINT WARNING * * *
You barely miss the orc wizard.
The orc wizard is severely wounded.
Your spectral weapon fades away.
The orc wizard casts a spell at you. The magic dart hits you.
You die...

#.###.....#.####.#
..###.....#>#....#
##........#.#.##.#
...##.....#.#.##.#
#####.....#......#
.....)##########.#
####### #.# #.#
#@# #o# #..oo.o.#
...######


You could see an orc wizard and an orc (unaware).

Vanquished Creatures
  2 orc priests (D:3)
  2 adders (D:2)
  2 worms (D:2)
  3 dart slugs
  2 leopard geckos
  An orc (D:3)
  5 bats
  4 giant cockroaches
  A goblin (D:1)
  5 hobgoblins
  2 jackals (D:1)
  3 quokkas (D:2)
  A ball python (D:2)
  2 frilled lizards (D:3)
  3 kobolds
  5 rats
43 creatures vanquished.

Vanquished Creatures (others)
  A spectral weapon (D:3)
1 creature vanquished.

Grand Total: 44 creatures vanquished

Notes
Turn   | Place    | Note
-------+----------+-------------------------------------------
     0 | D:1      | Fistmachine the Gnoll Skald began the quest for the Orb.
     0 | D:1      | Reached XP level 1. HP: 20/20 MP: 6/6
    87 | D:1      | Reached XP level 2. HP: 26/26 MP: 2/7
   470 | D:2      | Reached XP level 3. HP: 13/31 MP: 0/9
   674 | D:2      | Reached skill level 5 in Spellcasting
   847 | D:2      | Reached skill level 1 in Invocations
   895 | D:2      | Reached skill level 1 in Short Blades
   895 | D:2      | Reached skill level 1 in Long Blades
   895 | D:2      | Reached skill level 1 in Axes
   895 | D:2      | Reached skill level 1 in Maces & Flails
   895 | D:2      | Reached skill level 1 in Staves
   895 | D:2      | Reached skill level 1 in Slings
   895 | D:2      | Reached skill level 1 in Bows
   895 | D:2      | Reached skill level 1 in Crossbows
   895 | D:2      | Reached skill level 1 in Throwing
   895 | D:2      | Reached skill level 1 in Stealth
   895 | D:2      | Reached skill level 1 in Shields
   895 | D:2      | Reached skill level 1 in Unarmed Combat
   895 | D:2      | Reached skill level 1 in Evocations
   969 | D:2      | Reached XP level 4. HP: 38/38 MP: 7/11
  1318 | D:2      | Found a sparkling altar of Nemelex Xobeh.
  1704 | D:3      | Learned a level 3 spell: Spectral Weapon
  1740 | D:3      | Reached skill level 1 in Conjurations
  1740 | D:3      | Reached skill level 1 in Hexes
  1740 | D:3      | Reached skill level 1 in Summonings
  1740 | D:3      | Reached skill level 1 in Necromancy
  1740 | D:3      | Reached skill level 1 in Translocations
  1740 | D:3      | Reached skill level 1 in Transmutations
  1740 | D:3      | Reached skill level 1 in Fire Magic
  1740 | D:3      | Reached skill level 1 in Ice Magic
  1740 | D:3      | Reached skill level 1 in Air Magic
  1740 | D:3      | Reached skill level 1 in Earth Magic
  1740 | D:3      | Reached skill level 1 in Poison Magic
  1746 | D:3      | Reached XP level 5. HP: 6/43 MP: 3/12
  1754 | D:3      | Killed from afar by an orc wizard

Levels and vault maps discovered:
D:1:      matt_arrival_grand_opening, layout_rooms
D:2:      layout_basic, nemelex_altar_shiori, first_ration
D:3:      layout_loops_cross, lemuel_round_altar
